 Dungeon Crawl Stone Soup version 0.28-a0-1152-g9c71ebef14 (webtiles) character file.

Game seed: 3123285126389964120

51 ducksouse the Conjurer (level 3, 0/21 HPs)
             Began as an Octopode Conjurer on Dec 14, 2021.
             Killed from afar by Sigmund (7 damage)
             ... with a magic dart
             ... on level 2 of the Dungeon.
             The game lasted 00:08:17 (1277 turns).

ducksouse the Conjurer (Octopode Conjurer)          Turns: 1277, Time: 00:08:17

Health: 0/21       AC:  3    Str:  6    XL:     3   Next: 83%
Magic:  1/6        EV: 13    Int: 22    God:
Gold:   91         SH:  5    Dex: 10    Spells: 3/6 levels left

rFire   . . .      SeeInvis .   e - staff of death
rCold   . . .      Faith    .   (no shield)
rNeg    + . .      Spirit   .   f - +2 hat
rPois   .          Reflect  +   h - amulet of reflection
rElec   .          Harm     .   (no ring)
rCorr   .          Rampage  .   (no ring)
Will    .....                   (no ring)
Stlth   +++.......              (no ring)
HPRegen 0.07/turn               (no ring)
MPRegen 0.10/turn               (no ring)
                                (no ring)
                                (no ring)

@: no status effects
A: almost no armour, amphibious, 8 rings, camouflage 1, gelatinous body 1,
(nimble swimmer 1), tentacles
a: no special abilities


You were on level 2 of the Dungeon.
You visited 1 branch of the dungeon, and saw 3 of its levels.

You collected 91 gold pieces.

Inventory:

Hand Weapons
 b - a +0 dagger
Missiles
 a - 37 stones
Armour
 f - a +2 hat (worn)
Magical Staves
 e - a staff of death (weapon)
Jewellery
 h - an amulet of reflection (around mantle)
Scrolls
 d - a scroll of teleportation {unknown}
 g - a scroll of fear {unknown}
Potions
 c - a potion of magic {unknown}


   Skills:
 + Level 2.2 Dodging
 + Level 3.0 Stealth
 + Level 2.2 Spellcasting
 + Level 5.0 Conjurations


You had 3 spell levels left.
You knew the following spells:

 Your Spells              Type           Power      Damage    Failure   Level
a - Magic Dart            Conj           96%        1d7       1%          1
b - Searing Ray           Conj           48%        2d6       2%          2

Your spell library contained the following spells:

 Spells                   Type           Power      Damage    Failure   Level
 Animate Skeleton         Necr           6%         N/A       14%         1
 Apportation              Tloc           4%         N/A       14%         1
 Summon Small Mammal      Summ           8%         N/A       14%         1
 Dazzling Flash           Conj/Hex       26%        N/A       14%         3
 Fulminant Prism          Conj/Hex       6%         3d7       43%         4
 Iskenderun's Mystic Bla  Conj/Tloc      13%        2d5       43%         4


Dungeon Overview and Level Annotations

Branches:
Dungeon (3/15)

Altars:

Annotations:
D:2 Sigmund


Innate Abilities, Weirdness & Mutations

You cannot wear most types of armour.
You are amphibious.
You can wear up to eight rings at the same time.
Your skin changes colour to match your surroundings (Stealth+).
Your rubbery body absorbs attacks. (AC +1, EV +1)
((You are camouflaged near water. (Stealth+)))
You have tentacles for arms and can constrict up to eight enemies at once.


Message History

Aim: Sigmund, wielding a +0 scythe and wearing a +0 robe (100% to hit)
The magic dart hits Sigmund!
Sigmund is moderately wounded.
Aiming: Magic Dart (safe; 1% risk of failure)
Press: ? - help, Q - select action, (/) - cycle Shift-Dir - straight line, f/p - Sigmund
Aim: Sigmund, wielding a +0 scythe and wearing a +0 robe (moderately wounded, 100% to hit)
The magic dart hits Sigmund.
Sigmund is moderately wounded.
Sigmund points at you and mumbles some strange words.
The puff of flame hits you.
Casting: Magic Dart (safe; 1% risk of failure)
Confirm with . or Enter, or press ? or * to list all spells.
You can't see any susceptible monsters within range! (Use Z to cast anyway.) Unknown command.
Casting: Magic Dart (safe; 1% risk of failure)
Confirm with . or Enter, or press ? or * to list all spells.
You can't see any susceptible monsters within range! (Use Z to cast anyway.)
Aiming: Magic Dart (safe; 1% risk of failure)
Press: ? - help, Q - select action, (/) - cycle Shift-Dir - straight line, f/p - Sigmund
Aim: Sigmund, wielding a +0 scythe and wearing a +0 robe (moderately wounded, 100% to hit)
The magic dart hits Sigmund.
Sigmund is heavily wounded.
Casting: Magic Dart (safe; 1% risk of failure)
Confirm with . or Enter, or press ? or * to list all spells.
Aiming: Searing Ray (safe; 2% risk of failure)
Press: ? - help, Shift-Dir - straight line, f/p - Sigmund
Aim: Sigmund, wielding a +0 scythe and wearing a +0 robe (heavily wounded, 77% to hit)
The searing ray hits Sigmund.
Sigmund is severely wounded. (Press . to maintain the ray.) Sigmund barely misses you.
You hit Sigmund but do no damage. Your grab misses Sigmund.
Your squeeze misses Sigmund.
Sigmund is severely wounded.
Sigmund hits you with a +0 scythe!
You hit Sigmund. Your grab misses Sigmund.
Sigmund is severely wounded.
Sigmund points at you and mumbles some strange words.
The magic dart hits you!
You die...

..........+ ....###
#........######.....#
#.....>..#....#.#†#.#
.....####@........... .##
#.#.##.#.#.# #.#........#
#.#..#.#..##
########.#..#.#..#
#......##>..@@...#.##.#.##
#......<...####..####.#.#
## #.......#..#
#.....#.#..
#..#.......#...
#.###.#.###
...#.........### #.#.. #.#
.............. #.#.###.#
#......########.#.....#
#.#..................####
#........#####....#..#


You could see Sigmund.

Vanquished Creatures
  An adder (D:2)
  3 dart slugs
  8 ball pythons
  A giant cockroach (D:1)
  5 goblins
  3 hobgoblins
  4 jackals (D:1)
  A quokka (D:2)
  2 bats (D:2)
  3 kobolds
  2 rats (D:1)
33 creatures vanquished.

Notes
Turn   | Place    | Note
-------+----------+-------------------------------------------
     0 | D:1      | ducksouse the Octopode Conjurer began the quest for the
                  | Orb.
     0 | D:1      | Reached XP level 1. HP: 11/11 MP: 3/3
   324 | D:1      | Reached XP level 2. HP: 16/17 MP: 0/5
   327 | D:1      | Learned a level 2 spell: Searing Ray
   686 | D:1      | Reached XP level 3. HP: 21/21 MP: 4/6
  1036 | D:2      | Noticed Sigmund
  1051 | D:3      | Found a faded altar of an unknown god.
  1206 | D:3      | Reached skill level 5 in Conjurations
  1277 | D:2      | Killed from afar by Sigmund

Illustrated notes

Levels and vault maps discovered:
D:1:      dpeg_arrival_castle, layout_rooms
D:2:      layout_basic, dk_noncrumbling_3, grunt_ministairs_2, uniq_terence,
          uniq_sigmund
D:3:      layout_basic, nicolae_tso_swordbearing_angel,
          hellmonk_ecumenical_altar_run_dry, minivault_27,
          uniq_crazy_yiuf_cottage

Skill      XL: |  1  2  3 |
---------------+----------+-----
Stealth        | 3 |  3.0
Conjurations   | 5 |  5.0
Dodging        | |  2.2
Spellcasting   | |  2.2

Action                   || total
-------------------------++-------
Melee: Staff             ||    21
       Constrict         ||     5
       Tentacles         ||     3
 Cast: Magic Dart        ||    52
       Searing Ray       ||     4
Armor: Skin              ||    16
Dodge: Dodged            ||    34
Block: Other             ||     4

Table legend: (Time is in decaauts)
 A = Elapsed time spent in this place.
 B = Non-inter-level travel time spent in this place.
 C = Inter-level travel time spent in this place.
 D = Time resting spent in this place.
 E = Time spent auto-exploring this place.
 F = Levels seen in this place.
 G = Mean time per level.
                   A        B        C        D        E       F      G
               +--------+--------+--------+--------+--------+-----+--------+
         Total |   1280 |   1280 |      0 |    148 |    212 |   3 |  426.7 |
       Dungeon |   1280 |   1280 |      0 |    148 |    212 |   3 |  426.7 |
               +--------+--------+--------+--------+--------+-----+--------+

Top non-repeatable levels by time:
     D:1: 909 daAuts
     D:3: 223 daAuts
     D:2: 147 daAuts
